 Dungeon Crawl Stone Soup version 0.23.2-1-ga50397a6bc (webtiles) character file.

Game seed: 8622111229883826240

1652 Mrkan the Cleaver (level 9, -3/82 HPs)
             Began as a Hill Orc Monk on May 19, 2019.
             Slain by an orc warrior
             ... wielding a +0 war axe
              (11 damage)
             ... on level 7 of the Dungeon.
             The game lasted 00:10:54 (6154 turns).

Mrkan the Cleaver (Hill Orc Monk)                   Turns: 6154, Time: 00:10:55

Health: -3/82      AC: 10    Str: 17    XL:     9   Next: 0%
Magic:  9/9        EV:  5    Int: 10    God:
Gold:   355        SH:  0    Dex: 13    Spells: 8/8 levels left

rFire    . . .     SeeInvis .   a - +0 hand axe
rCold    . . .     Gourm    .   (no shield)
rNeg     . . .     Faith    .   l - +0 plate armour
rPois    .         Spirit   .   (no helmet)
rElec    .         Reflect  .   (no cloak)
rCorr    .         Harm     .   (no gloves)
MR       .....                  (no boots)
Stlth    ..........             (no amulet)
HPRegen  0.23/turn              (no ring)
MPRegen  0.11/turn              (no ring)

@: drained
A: sense surroundings 1, screaming 1, subdued magic 1
a: no special abilities


You were on level 7 of the Dungeon.
You were very hungry.

You visited 1 branch of the dungeon, and saw 7 of its levels.

You collected 355 gold pieces.

Inventory:

Hand Weapons
 a - a +0 hand axe (weapon)
Armour
 l - a +0 plate armour (worn)
 s - the cursed +0 plate armour of Lugonu's Approval {Int+3}
   (You found it on level 5 of the Dungeon)

   It affects your intelligence (+3).
   It has a curse placed upon it.
Jewellery
 b - a +3 amulet of reflection {unknown}
 t - an uncursed ring of magical power
 y - an uncursed ring of poison resistance {unknown}
 z - an uncursed ring of stealth {unknown}
 B - a cursed +3 ring of strength {unknown}
 E - an uncursed ring of wizardry {unknown}
Wands
 g - a wand of polymorph (2)
 w - a wand of random effects (12)
Scrolls
 d - a scroll of enchant armour {unknown}
 e - 3 scrolls of amnesia
 f - 5 scrolls of remove curse
 h - 3 scrolls of teleportation
 k - a scroll of magic mapping {unknown}
 m - a scroll of silence {unknown}
 n - 3 scrolls of enchant weapon
 r - a scroll of noise {unknown}
 x - 2 scrolls of identify
 A - a scroll of fog {unknown}
 F - a scroll of vulnerability {unknown}
Potions
 i - a potion of degeneration
 j - a potion of agility {unknown}
 o - 2 potions of lignification {unknown}
 p - a potion of cancellation {unknown}
 q - a potion of resistance
 u - a potion of brilliance {unknown}
 v - 2 potions of flight
 D - a potion of ambrosia {unknown}
Comestibles
 c - 15 rations


   Skills:
 + Level 8.4(7.7) Fighting
 * Level 12.1(11.3) Axes
 - Level 2.4(1.8) Dodging
 - Level 1.5(0.9) Stealth


You had 8 spell levels left.
You didn't know any spells.
Your spell library was empty.

Dungeon Overview and Level Annotations

Branches:
Dungeon (7/15)             Temple (0/1) D:4

Altars:
Ashenzari
Ru
Vehumet
The Shining One

Shops:
D:4 %


Innate Abilities, Weirdness & Mutations

You passively map a small area around you.
You occasionally shout uncontrollably at your foes.
Your spells are a little easier to cast, but a little less powerful.


Message History

The orc wizard casts a spell.
The orc wizard flickers and vanishes!
Deactivating autopickup; reactivate with Ctrl-A.
The orc warrior barely misses you.
The orc warrior hits you with a +0 war axe!
* * * LOW HITPOINT WARNING * * *
The orc warrior hits you with a +0 war axe!
* * * LOW HITPOINT WARNING * * *
The orc warrior hits you with a +0 war axe!
* * * LOW HITPOINT WARNING * * *
The orc warrior closely misses you.
The orc warrior hits you but does no damage.
Sorry, you're not good enough to have a special ability.
A magic dart appears from out of thin air!
The magic dart hits you but does no damage.
Something tries to affect you, but you resist.
Something tries to affect you, but you resist.
There is a stone staircase leading up here.
The orc warrior hits you with a +0 war axe!
You die...

#### #..# #..# #@.# #o.#
#..######### #..........#
# #..........# *#.
########..........#####<.
#.................##..รท..
,,
..#####..............##?.
, ,,,,#..................


You could see an orc warrior.

Vanquished Creatures
  Pikel (D:5)
  Grinder (D:4)
  A water moccasin (D:7)
  An orc warrior (D:6)
  An ice beast (D:7)
  2 centaurs
  2 scorpions
  A wight (D:7)
  A crimson imp (D:6)
  2 jellies (D:5)
  2 bullfrog skeletons
  A centaur skeleton (D:4)
  Ijyb (D:4)
  An orc wizard (D:5)
  3 worker ants
  A howler monkey skeleton (D:5)
  6 adders
  A shadow imp (D:5)
  2 worms
  A dart slug (D:3)
  5 leopard geckos
  7 orcs
  8 bats
  5 giant cockroaches
  3 goblins (D:2)
  4 hobgoblins
  6 jackals
  A quokka (D:3)
  4 frilled lizards
  5 kobolds
  A quokka skeleton (D:6)
  3 rats
84 creatures vanquished.

Vanquished Creatures (others)
  An ogre (D:5)
1 creature vanquished.

Grand Total: 85 creatures vanquished

Notes
Turn   | Place    | Note
-------+----------+-------------------------------------------
     0 | D:1      | Mrkan the Hill Orc Monk began the quest for the Orb.
     0 | D:1      | Reached XP level 1. HP: 19/19 MP: 1/1
   204 | D:1      | Reached XP level 2. HP: 22/27 MP: 2/2
   880 | D:2      | Reached skill level 5 in Axes
   882 | D:2      | Reached XP level 3. HP: 30/33 MP: 3/3
  1322 | D:2      | Reached XP level 4. HP: 24/41 MP: 4/4
  1852 | D:3      | Reached skill level 6 in Axes
  2364 | D:4      | Found Qixt's Food Shop.
  2492 | D:4      | Reached XP level 5. HP: 43/47 MP: 5/5
  2612 | D:4      | Noticed Grinder
  2614 | D:4      | Paralysed by Grinder for 5 turns
  2632 | D:4      | Paralysed by Grinder for 3 turns
  3061 | D:4      | Noticed Ijyb
  3080 | D:4      | Killed Ijyb
  3080 | D:4      | Reached skill level 5 in Fighting
  3161 | D:4      | Found a staircase to the Ecumenical Temple.
  3248 | D:4      | Reached skill level 7 in Axes
  3501 | D:4      | Paralysed by Grinder for 4 turns
  3522 | D:4      | Killed Grinder
  3522 | D:4      | Reached skill level 8 in Axes
  3522 | D:4      | Reached XP level 6. HP: 21/57 MP: 6/6
  3716 | D:5      | Entered Level 5 of the Dungeon
  3752 | D:5      | Reached XP level 7. HP: 35/63 MP: 7/7
  4169 | D:5      | Reached skill level 9 in Axes
  4528 | D:5      | Got a smoking plate armour
  4743 | D:5      | Noticed Pikel
  4783 | D:5      | Killed Pikel
  4783 | D:5      | Reached skill level 10 in Axes
  4783 | D:5      | Reached XP level 8. HP: 30/73 MP: 8/8
  5034 | D:5      | Identified the cursed +0 plate armour of Lugonu's Approval
                  | {Int+3} (You found it on level 5 of the Dungeon)
  5044 | D:5      | Gained mutation: Your spells are a little easier to cast,
                  | but a little less powerful. [potion of mutation]
  5044 | D:5      | Gained mutation: You occasionally shout uncontrollably at
                  | your foes. [potion of mutation]
  5044 | D:5      | Gained mutation: You passively map a small area around you.
                  | [potion of mutation]
  5153 | D:6      | Found a shattered altar of Ashenzari.
  5190 | D:6      | Found a glowing golden altar of the Shining One.
  5205 | D:6      | Reached skill level 11 in Axes
  5462 | D:6      | Found a sacrificial altar of Ru.
  5714 | D:7      | Found a radiant altar of Vehumet.
  5917 | D:7      | Reached skill level 12 in Axes
  5917 | D:7      | Reached XP level 9. HP: 19/82 MP: 9/9
  6136 | D:7      | HP: 4/82 [orc warrior/+0 war axe (8)]
  6154 | D:7      | Slain by an orc warrior

Skill      XL: |  1  2  3  4  5  6  7  8 |
---------------+-------------------------+-----
Fighting       | 4 5 6 7 8 |  8.4
Axes           | 5 6 8 10 12 | 12.1
Dodging        | |  2.4
Stealth        | |  1.5

Action                   |  1- 3 |  4- 6 |  7- 9 || total
-------------------------+-------+-------+-------++-------
Melee: Hand axe          |   144 |   148 |   229 ||   521
       Unarmed           |       |     7 |       ||     7
  Use: Potion            |       |     1 |     1 ||     2
       Scroll            |       |       |    10 ||    10
 Stab: Confused          |       |     1 |       ||     1
  Eat: Chunk             |     1 |     4 |     4 ||     9
       Ration            |       |     1 |     1 ||     2
Armor: Ring mail         |    58 |    26 |       ||    84
       Plate armour      |       |    52 |    98 ||   150
       Skin              |       |     1 |       ||     1
Dodge: Dodged            |   106 |    55 |    56 ||   217
